 Dungeon Crawl Stone Soup version 0.32-a0-7-ge934b4519a (webtiles) character file.

Game seed: 1176382597760516491

580 Laraso the Carver (level 7, 37/57 HPs)
             Began as a Yellow Draconian Monk on Jan 13, 2024.
             Quit the game on level 4 of the Dungeon.
             The game lasted 00:02:19 (3822 turns).

Laraso the Carver (Yellow Draconian Monk)           Turns: 3822, Time: 00:02:20

Health: 37/57      AC:  6    Str: 12 (13) XL:     7   Next: 13%
Magic:  7/7        EV: 12    Int: 10 (11) God:
Gold:   218        SH:  0    Dex: 13 (15) Spells: 6/6 levels left

rFire   . . .        a - +0 falchion
rCold   . . .        c - orb {light}
rNeg    . . .        (body armour unavailable)
rPois   .            (helmet restricted)
rElec   .            (no cloak)
rCorr   +            (no gloves)
SInv    .            (no boots)
Will    .....        (no amulet)
Stlth   +            (no ring)
HPRegen 0.29/turn    (no ring)
MPRegen 0.10/turn

%: no passive effects
@: glowing
A: spit acid, AC +6, unfitting armour, cold-blooded, acid resistance
a: Breathe Acid


You were on level 4 of the Dungeon.
You visited 1 branch of the dungeon, and saw 4 of its levels.

You collected 218 gold pieces.

Inventory:

Hand Weapons
 a - a +0 falchion (weapon)
Armour
 c - an orb of light (worn)
Scrolls
 b - 2 scrolls of teleportation
 e - a scroll of vulnerability {unknown}
 h - 3 scrolls of enchant armour
 i - a scroll of butterflies {unknown}
 k - a scroll of amnesia {unknown}
 o - a scroll of fog {unknown}
 r - a scroll of identify
Potions
 d - 2 potions of might
 j - a potion of curing
 l - a potion of lignification
 m - a potion of attraction {unknown}
 n - 2 potions of brilliance
 p - a potion of heal wounds {unknown}
 q - a potion of mutation {unknown}


   Skills:
 - Level 3.2 Fighting
 * Level 8.3 Long Blades
 - Level 2.6 Dodging


You had 6 spell levels left.
You didn't know any spells.
Your spell library contained the following spells:

 Spells                   Type           Power      Damage    Failure   Level
 Ensorcelled Hibernation  Hex/Ice        0%         N/A       50%         2
 Passwall                 Erth           0%         N/A       75%         3
 Swiftness                Air            0%         N/A       75%         3


Dungeon Overview and Level Annotations

Branches:
Dungeon (4/15)
 Temple: D:4-7

Altars:
Qazlal
Vehumet
Wu Jian


Innate Abilities, Weirdness & Mutations

You can spit globs of acid.
Your golden yellow scales are hard. (AC +6)
You cannot fit into any form of body armour.
You are cold-blooded and may be slowed by cold attacks.
You are resistant to acid. (rCorr)


Message History

The phantom is lightly damaged.
The phantom hits you.
You completely miss the phantom.
The phantom is lightly damaged.
The phantom hits you.
You hit the phantom.
The phantom is moderately damaged.
The phantom closely misses you.
You barely miss the phantom.
The phantom is moderately damaged.
The phantom hits you.
You barely miss the phantom. You tail-slap the phantom.
The phantom is heavily damaged.
You hit the phantom.
The phantom is heavily damaged.
The phantom hits you but does no damage.
You slash the phantom!
The phantom is severely damaged.
The phantom hits you but does no damage.
You hit the phantom but do no damage.
The phantom is severely damaged.
The phantom hits you but does no damage.
You hit the phantom but do no damage.
The phantom is severely damaged.
The phantom hits you but does no damage.
You hit the phantom but do no damage. You tail-slap the phantom.
The phantom is almost destroyed.
The phantom hits you.
You barely miss the phantom.
You tail-slap the phantom, but do no damage.
The phantom is almost destroyed.
The phantom hits you.
The phantom blinks!
You blink.
You slash the phantom!
You destroy the phantom!
You feel your dexterity returning.
You have reached level 7!
Your scales start taking on a golden yellow colour.
You can spit globs of acid.
You feel resistant to acid.
Are you sure you want to abandon this character and quit the game? (Confirm with "yes".)

##. ≈≈≈≈≈.. #.
#... ~≈≈≈≈~.. #.
#...###≈≈≈~###.
#. #.
#...#≈≈#...# #.
#..#.⌠.#≈≈#.⌠.#
#..#...#~~#...#.#
#..(###~..~###..#
#...............#
#(.#..#...@..##
##......######
######.# #.# #.#
#.# #..# #<####
#### ..# #.##..
..# ..# #.##.##..
... ...


There were no monsters in sight!

Vanquished Creatures
  Sigmund (D:4)
  An ogre (D:4)
  A phantom (D:4)
  A howler monkey (D:4)
  A hound (D:4)
  A jelly (D:4)
  4 gnolls (D:4)
  6 adders
  2 dart slugs
  A ribbon worm (D:4)
  6 bats
  8 endoplasms
  3 giant cockroaches
  7 goblins
  4 hobgoblins
  6 jackals
  5 quokkas
  3 ball pythons
  5 frilled lizards
  7 kobolds
  2 rats
75 creatures vanquished.

Notes
Turn   | Place    | Note
-------+----------+-------------------------------------------
     0 | D:1      | Laraso the Draconian Monk began the quest for the Orb.
     0 | D:1      | Reached XP level 1. HP: 19/19 MP: 1/1
   254 | D:1      | Reached XP level 2. HP: 17/26 MP: 2/2
   492 | D:1      | Reached skill level 4 in Long Blades
   999 | D:2      | Reached XP level 3. HP: 7/31 MP: 3/3
  1996 | D:3      | Reached XP level 4. HP: 36/38 MP: 4/4
  2131 | D:3      | Reached skill level 5 in Long Blades
  2411 | D:3      | Found a radiant altar of Vehumet.
  2475 | D:3      | Found an ornate altar of the Wu Jian Council.
  3103 | D:4      | Found a stormy altar of Qazlal.
  3108 | D:4      | Noticed an ogre
  3275 | D:4      | Noticed Sigmund
  3333 | D:4      | Killed Sigmund
  3334 | D:4      | Reached skill level 6 in Long Blades
  3334 | D:4      | Reached XP level 5. HP: 35/45 MP: 5/5
  3334 | D:4      | Reached XP level 6. HP: 40/51 MP: 6/6
  3414 | D:4      | Reached skill level 7 in Long Blades
  3782 | D:4      | Reached skill level 8 in Long Blades
  3822 | D:4      | Your scales start taking on a golden yellow colour.
  3822 | D:4      | Reached XP level 7. HP: 37/57 MP: 7/7
  3822 | D:4      | Gained mutation: You are resistant to acid. (rCorr) [Yellow
                  | Draconian growth]
  3822 | D:4      | Quit the game

Illustrated notes

Levels and vault maps discovered:
D:1:      erik_arrival_triangle_small, layout_loops_corners, minmay_ruptured
D:2:      layout_loops_cross, serial_rivers, chequers_serial_rivers_large_b,
          chequers_serial_rivers_small_b, chequers_serial_rivers_small_b,
          chequers_serial_rivers_micro_b, chequers_serial_rivers_micro_a,
          chequers_serial_rivers_small_a
D:3:      layout_basic, nicolae_wu_jian_wuxing_cycle, fiery_altar_vehumet
D:4:      cheibrodos_pilgrimage, layout_loops_ring, amcnicky_altar_gilded,
          lemuel_tele_altar, hangedman_decor_peaks_small, fountainhead,
          uniq_grinder, uniq_sigmund

Skill      XL: |  1  2  3  4  5  6 |
---------------+-------------------+-----
Long Blades    | 4 6 8 |  8.3
Fighting       | |  3.2
Dodging        | |  2.6

Action                     |  1- 3 |  4- 6 |  7- 9 || total
---------------------------+-------+-------+-------++-------
  Melee: Falchion          |   131 |   107 |       ||   238
         Tailslap          |    15 |    15 |       ||    30
    Use: Potion            |     2 |     4 |       ||     6
         Scroll            |       |     4 |       ||     4
   Stab: Sleeping          |     1 |       |       ||     1
 Armour: Skin              |    86 |    62 |       ||   148
  Dodge: Dodged            |   129 |    59 |       ||   188

Table legend: (Time is in decaauts)
 A = Elapsed time spent in this place.
 B = Non-inter-level travel time spent in this place.
 C = Inter-level travel time spent in this place.
 D = Time resting spent in this place.
 E = Time spent auto-exploring this place.
 F = Levels seen in this place.
 G = Mean time per level.
                   A        B        C        D        E       F      G
               +--------+--------+--------+--------+--------+-----+--------+
         Total |   3874 |   3657 |    217 |    149 |   2923 |   4 |  968.5 |
       Dungeon |   3874 |   3657 |    217 |    149 |   2923 |   4 |  968.5 |
               +--------+--------+--------+--------+--------+-----+--------+

Top non-repeatable levels by time:
     D:3: 1315 daAuts
     D:2: 1037 daAuts
     D:1: 943 daAuts
     D:4: 577 daAuts
